 Dungeon Crawl Stone Soup version 0.22-a0-617-g6d95e9e (webtiles) character file.

70 Hebeh the Firebug (level 4, -2/24 HPs)
             Began as a Deep Elf Fire Elementalist on July 12, 2018.
             Slain by a sky beast (6 damage)
             ... on level 2 of the Dungeon.
             The game lasted 00:06:32 (2100 turns).

Hebeh the Firebug (Deep Elf Fire Elementalist)      Turns: 2100, Time: 00:06:33

Health: -2/24      AC:  2    Str:  6    XL:     4   Next: 4%
Magic:  6/11       EV: 13    Int: 20    God:
Gold:   59         SH:  0    Dex: 15    Spells: 7/10 levels left

rFire    . . .     SeeInvis .   a - +1 dagger (venom)
rCold    . . .     Gourm    .   (no shield)
rNeg     . . .     Faith    .   g - +0 robe
rPois    .         Spirit   .   (no helmet)
rElec    .         Reflect  .   (no cloak)
rCorr    .         Harm     .   (no gloves)
MR       .....                  (no boots)
Stlth    ++........             (no amulet)
HPRegen  0.08/turn              (no ring)
MPRegen  0.12/turn              (no ring)

@: no status effects
A: no striking features
a: no special abilities


You were on level 2 of the Dungeon.
You were not hungry.

You visited 1 branch of the dungeon, and saw 2 of its levels.

You collected 59 gold pieces.

Inventory:

Hand Weapons
 a - a +1 dagger of venom (weapon)
Missiles
 b - 22 stones (quivered)
 k - 13 sling bullets
Armour
 g - a +0 robe (worn)
Scrolls
 d - 2 scrolls of remove curse {unknown}
 e - a scroll of enchant armour {unknown}
 j - a scroll of identify {unknown}
Potions
 h - a potion of brilliance {unknown}
 i - a potion of degeneration {unknown}
Comestibles
 c - 2 rations
 f - 3 chunks of flesh


   Skills:
 - Level 2.4 Dodging
 - Level 2.4 Stealth
 + Level 3.8 Spellcasting
 * Level 3.1 Conjurations
 + Level 3.9 Fire Magic


You had 7 spell levels left.
You knew the following spells:

 Your Spells              Type           Power        Failure   Level  Hunger
a - Flame Tongue          Conj/Fire      ###..        3%          1    None
b - Throw Flame           Conj/Fire      ###...       4%          2    ##.....

Your spell library contained the following spells:

 Spells                   Type           Power        Failure   Level  Hunger
 Fireball                 Conj/Fire      ###.......   63%         5    ######.
 Conjure Flame            Conj/Fire      ###.....     9%          3    ###....
 Sticky Flame             Conj/Fire      ###.....     30%         4    ####...
 Inner Flame              Hex/Fire       ##......     17%         3    ###....


Dungeon Overview and Level Annotations

Branches:
Dungeon (2/15)

Altars:


Message History

Aiming: Flame Tongue (safe; 3% risk of failure)
Press: ? - help, Shift-Dir - straight line, f/p - sky beast
Aim: a sky beast (moderately wounded)
The flame tongue misses the sky beast.
The sky beast flickers out of sight!
Deactivating autopickup; reactivate with Ctrl-A.
Something hits you. Something shocks you.
* * * LOW HITPOINT WARNING * * *
A sky beast appears from thin air!
Reactivating autopickup.
Casting: Flame Tongue (safe; 3% risk of failure)
Confirm with . or Enter, or press ? or * to list all spells.
Aiming: Flame Tongue (safe; 3% risk of failure)
Press: ? - help, Shift-Dir - straight line, f/p - sky beast
Aim: a sky beast (moderately wounded)
The flame tongue hits the sky beast.
The sky beast is severely wounded.
The sky beast hits you.
* * * LOW HITPOINT WARNING * * *
The sky beast shocks you.
You die...

#..... #..... #.....
#..... #.....
#######################.
........................
...###.###############.
#@# ## #Y# # #ยง# # #$#
# #.# # #.# # #.# # #.#
## #.# #########.


You could see a sky beast.

Vanquished Creatures
  2 worms (D:2)
  4 dart slugs
  3 leopard geckos (D:1)
  2 ball pythons
  4 bats
  2 giant cockroaches
  3 goblins
  4 hobgoblins
  13 jackals
  2 kobolds (D:1)
  6 frilled lizards
  A rat (D:2)
46 creatures vanquished.

Notes
Turn   | Place    | Note
-------+----------+-------------------------------------------
     0 | D:1      | Hebeh the Deep Elf Fire Elementalist began the quest for the Orb.
     0 | D:1      | Reached XP level 1. HP: 10/10 MP: 6/6
   475 | D:1      | Reached XP level 2. HP: 15/15 MP: 5/8
   981 | D:1      | Reached XP level 3. HP: 14/19 MP: 3/10
  2027 | D:2      | Reached XP level 4. HP: 24/24 MP: 9/11
  2085 | D:2      | Noticed a sky beast
  2089 | D:2      | Learned a level 2 spell: Throw Flame
  2100 | D:2      | Slain by a sky beast

Vault maps used:
D:1:      minmay_arrival_nine_rooms, serial_glass, glass_columns_b,
          glass_columns_b
D:2:      first_ration

Skill      XL: |  1  2  3 |
---------------+----------+-----
Conjurations   | 2 3 |  3.1
Dodging        | |  2.4
Stealth        | |  2.4
Spellcasting   | |  3.8
Fire Magic     | |  3.9

Action                   |  1- 3 |  4- 6 || total
-------------------------+-------+-------++-------
Melee: Hand axe          |     2 |       ||     2
       Dagger            |     6 |       ||     6
Throw: Stone             |    51 |     2 ||    53
 Cast: Flame Tongue      |    82 |     9 ||    91
  Eat: Chunk             |     3 |       ||     3
Armor: Robe              |     7 |       ||     7
Dodge: Dodged            |    30 |     4 ||    34

Table legend:
 A = Spawn XP
 B = Non-spawn XP
 C = Spawn XP percentage of total XP
 D = Spawn monster count
 E = Non-spawn monster count
 F = Spawn count percentage of total count
 G = Total turns spent on level
                    A         B        C        D         E        F      G
               +---------+---------+-------+---------+---------+-------+---------
         Total |       0 |     101 |   0.0 |       0 |      46 |   0.0 |  2100
               +---------+---------+-------+---------+---------+-------+---------
           D:1 |       0 |      55 |   0.0 |       0 |      26 |   0.0 |  1523
           D:2 |       0 |      46 |   0.0 |       0 |      20 |   0.0 |   577
               +---------+---------+-------+---------+---------+-------+---------
